 Dungeon Sprint DCSS version 0.26-a0-658-gbdda728c12 (webtiles) character file.

Game seed: 9752483438625248305

53 sahdkjhfkaj the Insei (level 3, -4/34 HPs)
             Began as an Octopode Transmuter on Oct 4, 2020.
             Slain by a water elemental (22 damage)
             ... in the Dungeon (Sprint III: "The Ten Rune Challenge").
             The game lasted 00:00:51 (663 turns).

sahdkjhfkaj the Insei (Octopode Transmuter)          Turns: 663, Time: 00:00:51

Health: -4/34      AC:  1    Str: 10    XL:     3   Next: 87%
Magic:  5/6        EV: 13    Int: 15    God:
Gold:   23         SH:  0    Dex: 12    Spells: 5/6 levels left

rFire    . . .     SeeInvis .     - Unarmed
rCold    . . .     Faith    .   (no shield)
rNeg     . . .     Spirit   .   (helmet currently unavailable)
rPois    .         Reflect  .   (no amulet)
rElec    .         Harm     .   (no ring)
rCorr    .         Rampage  .   (no ring)
MR       .....     NoTele   +   (no ring)
Stlth    ..........             (no ring)
HPRegen  0.11/turn              (no ring)
MPRegen  0.10/turn              (no ring)
                                (no ring)
                                (no ring)

@: berserking, appendages, engulfed, very quick
A: almost no armour, stealthy swim, amphibious, 8 rings, constrict 8, tentacle
spike 3, camouflage 1, gelatinous body 1
a: End Transformation


You were in the Dungeon.
One of your tentacles had a temporary spike.
You visited 1 branch You collected 23 gold pieces.

Inventory:

Scrolls
 b - a scroll of holy word {unknown}
 g - a scroll of blinking
 h - a scroll of identify {unknown}
 i - 2 scrolls of remove curse {unknown}
 k - a scroll of immolation {unknown}
 l - a scroll of fear {unknown}
Potions
 a - a potion of stabbing {unknown}
 c - a potion of heal wounds
 d - a potion of haste
 e - 2 potions of magic
 j - 2 potions of curing
 m - a potion of flight {unknown}
 n - 4 potions of mutation


   Skills:
 - Level 1.0 Fighting
 - Level 2.0 Dodging
 + Level 7.9 Unarmed Combat
 - Level 2.0 Spellcasting
 - Level 2.0 Transmutations


You had 5 spell levels left.
You knew the following spells:

 Your Spells              Type           Power        Failure   Level
a - Beastly Appendage     Tmut           #.....       10%         1

Your spell library contained the following spells:

 Spells                   Type           Power        Failure   Level
 Wereblood                Tmut           #.......     14%         2
 Spider Form              Tmut/Pois      #.........   41%         3
 Ice Form                 Ice/Tmut       #.......     82%         4
 Blade Hands              Tmut           #.........   95%         5


Dungeon Overview and Level Annotations

Branches:
Dungeon (1/1)

Altars:


Innate Abilities, Weirdness & Mutations

You cannot wear most types of armour.
You are very stealthy in the water. (Stealth+)
You are amphibious.
You can wear up to eight rings at the same time.
You can use your tentacles to constrict eight enemies at once.
Your skin changes colour to match your surroundings (Stealth+).
Your rubbery body absorbs attacks. (AC +1, EV +1)
One of your tentacles bears a large vicious spike.


Message History

One of your tentacles grows a vicious spike.
You open the door.
A water elemental comes into view.
There is an open door to the Ecumenical Temple here.
You closely miss the water elemental.
Your squeeze misses the water elemental.
The water elemental hits you!
The water elemental engulfs you in water!
A red film seems to cover your vision as you go berserk!
You feel yourself moving faster!
You feel mighty! The water elemental barely misses you.
You barely miss the water elemental.
You pierce the water elemental!
The water elemental is moderately damaged.
The water elemental misses you.
You bludgeon the water elemental!
Your tentacle spike misses the water elemental.
The water elemental is severely damaged.
The water elemental hits you!!
Ouch! That really hurt!
You die...

▓▓▓▓▓▓▓ ▓▓▓ ..#(..####
##.# ..#..)...#####..#
.##.......#..#..#
#.##.##...#..#..###+#+##
#.##.###..##'#..#.......
.####.##..###...@.⌠.....
###..##..####...#E..####
.....##..###....#.⌠.#
##..##...##.....#...#
#÷.##....#......#+###
..###..##.#.....# (.#
#..#####....# ▓▓▓ ▓▓▓▓
▓▓▓▓▓▓


You could see a water elemental.

Vanquished Creatures
  Jessica (D)
  A human (D)
  An ooze (D)
  A phantom (D)
  A rat (D)
5 creatures vanquished.

Vanquished Creatures (others)
  A hydra (D)
  3 plants (D)
4 creatures vanquished.

Grand Total: 9 creatures vanquished

Notes
Turn   | Place    | Note
-------+----------+-------------------------------------------
     0 | D        | sahdkjhfkaj the Octopode Transmuter began the quest for the
                  | Orb.
     0 | D        | Reached XP level 1. HP: 13/13 MP: 3/3
     9 | D        | Reached skill level 4 in Unarmed Combat
    94 | D        | Killed a seven-headed hydra
   135 | D        | Noticed Jessica
   145 | D        | Killed Jessica
   145 | D        | Reached skill level 6 in Unarmed Combat
   145 | D        | Reached XP level 2. HP: 17/18 MP: 1/5
   145 | D        | Reached XP level 3. HP: 22/23 MP: 1/6
   211 | D        | Reached skill level 7 in Unarmed Combat
   658 | D        | Noticed a water elemental
   663 | D        | Slain by a water elemental

Illustrated notes

Levels and vault maps discovered:
D:        dungeon_sprint_mu [sprint_mu_entry_cave, sprint_mu_temple_rooms,
          sprint_mu_d1_spiders, sprint_mu_d2_genie, sprint_mu_d3_branching,
          sprint_mu_orc_legion, sprint_mu_elf_gauntlet, sprint_mu_hive_nellie,
          sprint_mu_lair_fedhas, sprint_mu_vaults_butterflies,
          sprint_mu_slime_circle, sprint_mu_swamp_cave, sprint_mu_shoals_kraken,
          sprint_mu_blade_basic, sprint_mu_crypt_chambers,
          sprint_mu_tomb_spiral, sprint_mu_vestibule_basic,
          sprint_mu_gehenna_hellfire, sprint_mu_dis_giant,
          sprint_mu_tartarus_statrot, sprint_mu_cocytus_islands, sprint_mu_zot1]

Skill      XL: |  1  2  3 |
---------------+----------+-----
Unarmed Combat | 6 7 |  7.9
Fighting       | |  1.0
Dodging        | |  2.0
Spellcasting   | |  2.0
Transmutations | |  2.0

Action                   || total
-------------------------++-------
Melee: Unarmed           ||    28
       Kick              ||     5
       Tentacles         ||     4
       Constrict         ||     2
       Punch             ||     1
 Cast: Beastly Appendage ||     7
  Use: Potion            ||     2
Dodge: Dodged            ||    13

Table legend: (Time is in decaauts)
 A = Elapsed time spent in this place.
 B = Non-inter-level travel time spent in this place.
 C = Inter-level travel time spent in this place.
 D = Time resting spent in this place.
 E = Time spent auto-exploring this place.
 F = Levels seen in this place.
 G = Mean time per level.
                   A        B        C        D        E       F      G
               +--------+--------+--------+--------+--------+-----+--------+
         Total |    659 |    659 |      0 |    377 |    167 |   1 |  659.0 |
       Dungeon |    659 |    659 |      0 |    377 |    167 |   1 |  659.0 |
               +--------+--------+--------+--------+--------+-----+--------+

Top non-repeatable levels by time:
       D: 659 daAuts
